 Dungeon Crawl Stone Soup version 0.30-a0-845-g7c6808c8ce (webtiles) character file.

Game seed: 9080570252337149583

1477 dialectric the Covered (level 8, -1/61 HPs)
             Began as a Demonspawn Fighter on Mar 2, 2023.
             Was a Follower of Trog.
             Killed by divine providence
             ... invoked by an orc priest
              (9 damage)
             ... on level 7 of the Dungeon.
             The game lasted 00:08:00 (4675 turns).

dialectric the Covered (Demonspawn Fighter)         Turns: 4675, Time: 00:08:01

Health: -1/61      AC:  8    Str: 24    XL:     8   Next: 49%
Magic:  0/8        EV: 13    Int: 10    God:    Trog [*.....]
Gold:   340        SH:  4    Dex: 13    Spells: 6/7 levels left

rFire   . . .      SeeInvis .    B - +4 long sword
rCold   . . .      Faith    .    (no shield)
rNeg    . . .      Spirit   +    y - +0 steam dragon scales
rPois   .          Reflect  .    (helmet restricted)
rElec   .          Rampage  .    (no cloak)
rCorr   .                        (no gloves)
Will    .....                    (no boots)
Stlth   +                        v - amulet of guardian spirit
HPRegen 0.30/turn                x - +6 ring of strength
MPRegen 0.11/turn                (no ring)

@: studying Armour
A: horns 1, yellow scales 1, powered by pain 2, condensation shield
a: Renounce Religion, Berserk


You were on level 7 of the Dungeon.
You worshipped Trog.
Trog was aware of your devotion.
You visited 1 branch of the dungeon, and saw 7 of its levels.
You also visited: Sewer.

You collected 340 gold pieces.

Inventory:

Hand Weapons
 a - a +0 long sword
 j - a +0 dagger of venom
 p - a +0 short sword of venom
 B - a +4 long sword (weapon)
Missiles
 m - 14 poisoned darts (quivered)
Armour
 b - a +1 scale mail
 c - a +0 buckler
 f - the +2 robe "Qozu" {rF+ Will+ Str+3 Archmagi}
   (You found it on level 4 of the Dungeon)

   Str:       It affects your strength (+3).
   rF:        It protects you from fire.
   Archmagi:  It increases the power of your magical spells.
   Will:      It increases your willpower.
 y - +0 steam dragon scales (worn)
Jewellery
 v - an amulet of guardian spirit (around neck)
 x - a +6 ring of strength (left hand)
Scrolls
 g - a scroll of blinking
 k - 4 scrolls of identify
 n - 2 scrolls of poison
 u - a scroll of vulnerability {unknown}
Potions
 d - a potion of might
 e - 3 potions of mutation {unknown}
 i - a potion of haste {unknown}
 l - 2 potions of lignification {unknown}
 o - 2 potions of attraction {unknown}
 q - 2 potions of cancellation {unknown}
 s - 2 potions of brilliance {unknown}
 t - 3 potions of flight
 z - 3 potions of heal wounds


   Skills:
 + Level 4.5 Fighting
 + Level 4.8(5.1) Short Blades
 + Level 2.6(4.0) Long Blades
 * Level 7.2 Armour
 - Level 3.1 Dodging
 + Level 0.6 Stealth
 - Level 2.6 Shields
 + Level 0.3 Evocations


You had 6 spell levels left.
You knew the following spells:

 Your Spells              Type           Power      Damage    Failure   Level
a - Shock                 Conj/Air       0%         1d3       36%         1

Your spell library contained the following spells:

 Spells                   Type           Power      Damage    Failure   Level
 Blink                    Tloc           0%         N/A       50%         2
 Lesser Beckoning         Tloc           0%         N/A       50%         2
 Momentum Strike          Conj/Tloc      0%         3d8       50%         2
 Static Discharge         Conj/Air       0%         2-2/arc   50%         2
 Dazzling Flash           Conj/Hex       0%         N/A       75%         3
 Swiftness                Air            0%         N/A       75%         3
 Vhi's Electric Charge    Tloc/Air       0%         N/A       75%         3
 Airstrike                Air            0%         2d(0-16)  98%         4
 Iskenderun's Mystic Bla  Conj/Tloc      0%         2d3       98%         4
 Arcjolt                  Conj/Air       0%         1d10      100%        5
 Lightning Bolt           Conj/Air       0%         1d11      100%        5
 Starburst                Conj/Fire      0%         6d3       100%        6


Dungeon Overview and Level Annotations

Branches:
Dungeon (7/15)              Sewer (visited)
 Temple: D:4-7

Altars:
Trog
Vehumet

Shops:
D:1 :=

Annotations:
D:4 1 runed translucent door, Palms's ghost, amateur GrRe


Innate Abilities, Weirdness & Mutations

You have a pair of small horns on your head.
You are partially covered in yellow scales. (AC +2)
You sometimes gain power by taking damage.
A meltable shield of frost defends you. (SH +4)


Message History

Really target yourself?
Okay, then.
Unknown command.
You slice something!! Trog accepts your kill.
Reactivating autopickup.
You feel a bit more experienced.
m - 12 poisoned darts (gained 1)
m - 13 poisoned darts (gained 1)
m - 14 poisoned darts (gained 1)
You feel a little less mighty now.
You open the door. 2 kobolds come into view.
A kobold is wielding a +0 whip of electrocution.
A kobold brigand comes into view.
It is wielding a +0 dagger and quivering poisoned darts.
Found 6 gold pieces.
The kobold brigand shouts!
There is an open door here.
The kobold brigand throws a poisoned dart.
The poisoned dart hits you!
You are poisoned.
You close the door.
You feel sick.
You feel sick.
Something unseen opens the door.
You feel sick.
You are too injured to fight recklessly!
You barely miss the orc.
You feel sick.
The orc priest invokes the aid of Beogh against you.
Beogh smites you!
* * * LOW HITPOINT WARNING * * *
The orc shouts!
You hear a shout!
You are too injured to fight recklessly!
You feel sick. You block the orc's attack.
You closely miss the orc.
You feel sick.
You are no longer poisoned.
The orc wizard shouts!
The kobold throws a stone.
The stone closely misses you.
The stone hits the orc priest but does no damage.
The orc priest mumbles some strange prayers to Beogh against you.
Beogh smites you!
You die...

#........# #
........#### ..
........#
####.#
.........+
$....#.
.....[...#
####.......
........#
#..'...K...
#####K##......K
#...o.# .K...K.
#....@# #####.#
#.....# #..
#.....#####....
#####..........
#o.........
#.#.......#
.oo...###...
#.#o...# .. ##
........+ #)


You could see an orc priest, an orc wizard, 3 orcs and a kobold.

Vanquished Creatures
  A steam dragon (D:4)
  A sky beast (D:7)
  2 ogres
  2 black bears
  A kobold brigand (Sewer)
  A phantom (D:4)
  A scorpion (D:4)
  4 wights (D:6)
  A jelly (D:4)
  An orc priest (D:5)
  3 hounds (D:4)
  2 orc wizards
  An iguana (D:3)
  5 gnolls
  4 river rats
  5 adders
  2 ufetubi (D:5)
  4 worms
  A dart slug (D:4)
  19 orcs
  5 endoplasms
  7 giant cockroaches
  4 goblins
  5 hobgoblins
  4 jackals (D:2)
  11 kobolds
  6 quokkas
  13 ball pythons
  4 bats
  5 frilled lizards
  17 rats
142 creatures vanquished.

Notes
Turn   | Place    | Note
-------+----------+-------------------------------------------
     0 | D:1      | dialectric the Demonspawn Fighter began the quest for the
                  | Orb.
     0 | D:1      | Reached XP level 1. HP: 18/18 MP: 1/1
   121 | D:1      | Gained mutation: You sometimes gain a little power by
                  | taking damage. [demonic ancestry]
   121 | D:1      | Reached XP level 2. HP: 24/24 MP: 2/2
   141 | D:1      | Found Fumoett's Book Emporium.
   141 | D:1      | Found Kagioros's Jewellery Shop.
   303 | D:1      | Reached skill level 3 in Armour
   436 | D:1      | Reached skill level 1 in Dodging
   484 | D:1      | Gained mutation: You are partially covered in yellow
                  | scales. (AC +2) [demonic ancestry]
   484 | D:1      | Reached XP level 3. HP: 29/29 MP: 3/3
  1045 | D:2      | Reached XP level 4. HP: 35/35 MP: 4/4
  1158 | D:2      | Found a radiant altar of Vehumet.
  2030 | D:3      | Reached skill level 1 in Short Blades
  2274 | D:3      | Gained mutation: You have a pair of small horns on your
                  | head. [demonic ancestry]
  2274 | D:3      | Reached XP level 5. HP: 34/42 MP: 5/5
  2526 | D:4      | Reached skill level 4 in Armour
  2549 | D:4      | Noticed a phantom
  2606 | D:4      | Found a runed translucent door.
  2612 | D:4      | Identified the +2 robe "Qozu" {rF+ Will+ Str+3 Archmagi}
  2745 | D:4      | Gained mutation: You sometimes gain power by taking damage.
                  | [demonic ancestry]
  2745 | D:4      | Reached XP level 6. HP: 43/48 MP: 6/6
  2948 | D:4      | Noticed Palms's ghost (amateur GrRe)
  3234 | D:5      | Entered Level 5 of the Dungeon
  3249 | D:5      | Reached skill level 5 in Armour
  3249 | D:5      | Gained mutation: A meltable shield of frost defends you.
                  | (SH +4) [demonic ancestry]
  3249 | D:5      | Reached XP level 7. HP: 41/53 MP: 7/7
  3335 | D:5      | Learned a level 1 spell: Shock
  3460 | D:5      | Found a bloodstained altar of Trog.
  3503 | D:5      | Became a worshipper of Trog the Wrathful
  3615 | D:5      | Found a glowing drain.
  3623 | Sewer    | Entered a sewer
  4126 | D:4      | Reached skill level 6 in Armour
  4128 | D:4      | Noticed a steam dragon
  4140 | D:4      | Killed a steam dragon
  4141 | D:4      | Reached XP level 8. HP: 21/60 MP: 4/8
  4491 | D:6      | Identified a scroll of acquirement
  4491 | D:6      | Acquired a manual of Armour
  4593 | D:7      | Reached * piety under Trog
  4594 | D:7      | Reached skill level 7 in Armour
  4620 | D:7      | HP: 2/61 [orc priest/+0 trident (2)]
  4675 | D:7      | Killed from afar by an orc priest

Illustrated notes

Levels and vault maps discovered:
D:1:      matt_arrival_los_fun, layout_loops_ring, serial_shops, shop, shop
D:2:      layout_basic, basic_altar, minmay_vboxes
D:3:      layout_basic
D:4:      layout_loops_ring, ebering_ghost_sewer_d, hangedman_feature_mirror,
          nicolae_underground_beach
D:5:      layout_cave_pools, trog_ov_bears_minmay, lightli_sewer_entry_pipes,
          corner_web_ring
D:6:      layout_rooms, nicolae_gozag_seed_capital,
          nicolae_overflow_crystal_walls, minmay_temple_entry_proselytizer,
          item_on_display_a
D:7:      layout_basic

Skill      XL: |  1  2  3  4  5  6  7  8 |
---------------+-------------------------+-----
Long Blades    | 2 |  2.6
Armour         | 3 4 5 6 7 |  7.2
Dodging        | 1 2 3 |  3.1
Short Blades   | 1 2 4 |  4.8
Fighting       | 4 |  4.5
Stealth        | |  0.6
Shields        | |  2.6
Evocations     | |  0.3

Action                     |  1- 3 |  4- 6 |  7- 9 || total
---------------------------+-------+-------+-------++-------
  Melee: Long sword        |    39 |       |    19 ||    58
         Dagger            |    75 |   176 |       ||   251
         Headbutt          |       |    35 |    40 ||    75
         Short sword       |       |    51 |   168 ||   219
         Punch             |       |       |     2 ||     2
  Throw: Dart              |       |       |     3 ||     3
  Evoke: Wand              |       |       |     5 ||     5
    Use: Scroll            |     1 |     6 |     2 ||     9
         Potion            |       |       |     2 ||     2
 Armour: Scale mail        |    58 |    85 |    83 ||   226
         Steam dragon scal |       |       |    19 ||    19
  Dodge: Dodged            |    64 |   127 |   152 ||   343
  Block: Other             |       |       |    35 ||    35

Table legend: (Time is in decaauts)
 A = Elapsed time spent in this place.
 B = Non-inter-level travel time spent in this place.
 C = Inter-level travel time spent in this place.
 D = Time resting spent in this place.
 E = Time spent auto-exploring this place.
 F = Levels seen in this place.
 G = Mean time per level.
                   A        B        C        D        E       F      G
               +--------+--------+--------+--------+--------+-----+--------+
         Total |   4698 |   4608 |     90 |    134 |   3197 |   8 |  587.2 |
       Dungeon |   4461 |   4371 |     90 |    131 |   3024 |   7 |  637.3 |
         Sewer |    237 |    237 |      0 |      3 |    173 |   1 |  237.0 |
               +--------+--------+--------+--------+--------+-----+--------+

Top non-repeatable levels by time:
     D:4: 1235 daAuts
     D:3: 848 daAuts
     D:1: 787 daAuts
     D:2: 724 daAuts
     D:5: 606 daAuts
   Sewer: 237 daAuts
     D:6: 174 daAuts
     D:7: 84 daAuts
